 Dungeon Crawl Stone Soup version 0.18-a0-1284-g43455fe (webtiles) character file.

233 Gottschkopf the Stinger (level 6, -3/50 HPs)
             Began as a Naga Venom Mage on Feb 8, 2016.
             Slain by Crazy Yiuf
             ... wielding a +2 quarterstaff of chaos
              (9 damage)
             ... on level 3 of the Dungeon.
             The game lasted 00:26:06 (2872 turns).

Gottschkopf the Stinger (Naga Venom Mage)           Turns: 2872, Time: 00:26:06

Health: -3/50      AC:  4    Str: 10    XL:     6   Next: 4%
Magic:  2/10       EV: 10    Int: 17    God:
Gold:   186        SH:  0    Dex: 12    Spells: 3 memorised, 5 levels left

rFire  . . .     SeeInvis +     m - +0 dagger (speed)
rCold  . . .     Gourm    .     a - +1 robe
rNeg   . . .     Faith    .     (no shield)
rPois  +         Spirit   .     (no helmet)
rElec  .         Dismiss  .     (no cloak)
rCorr  +         Reflect  .     (no gloves)
SustAt .         Harm     .     (no barding)
MR     .....                    k - amulet of magic regeneration
Stlth  +++.......               (no ring)
                                g - ring of resist corrosion

@: very slow, not resistant to hostile enchantments, fairly stealthy
A: see invisible, deformed body, poison resistance, slowness 2, slow metabolism
1, spit poison 2, AC +2
a: Spit Poison


You were on level 3 of the Dungeon.
You were hungry.

You visited 1 branch of the dungeon, and saw 3 of its levels.

You collected 186 gold pieces.

Inventory:

Hand Weapons
 m - a +0 dagger of speed (weapon)
 v - a +0 short sword of speed
Armour
 a - a +1 robe (worn)
Jewellery
 g - a ring of resist corrosion (left hand)
 k - an amulet of magic regeneration (around neck)
 y - an uncursed amulet of magic regeneration
Scrolls
 d - a scroll of blinking {unknown}
 l - a scroll of random uselessness {unknown}
 o - 4 scrolls of identify
Potions
 e - 2 potions of heal wounds {unknown}
 i - a potion of agility {unknown}
 j - a potion of might {unknown}
 n - a potion of berserk rage {unknown}
 p - a potion of flight {unknown}
 q - a potion of curing
 r - a potion of magic {unknown}
 t - a potion of degeneration {unknown}
Books
 b - a Young Poisoner's Handbook

   Spells                             Type                      Level
   a - Sting                          Conjuration/Poison           1
   b - Cure Poison                    Poison                       2
   c - Mephitic Cloud                 Conjuration/Poison/Air       3
   d - Olgreb's Toxic Radiance        Poison                       4
   e - Venom Bolt                     Conjuration/Poison           5
Comestibles
 c - 2 bread rations
 f - a slice of pizza
 h - 2 fruits
 s - 2 royal jellies


   Skills:
 + Level 0.4 Fighting
 + Level 0.2 Short Blades
 + Level 2.0 Dodging
 * Level 3.6 Stealth
 * Level 3.0 Spellcasting
 + Level 1.9 Conjurations
 + Level 0.2 Air Magic
 * Level 7.5 Poison Magic


You had 5 spell levels left.
You knew the following spells:

 Your Spells              Type           Power        Failure   Level  Hunger
a - Sting                 Conj/Pois      ###.         2%          1    None
b - Mephitic Cloud        Conj/Pois/Air  ##......     17%         3    ###....
c - Cure Poison           Pois           ####......   1%          2    ##.....


Dungeon Overview and Level Annotations

Branches:
Dungeon (3/15)

Altars:

Annotations:
D:3 Crazy Yiuf


Innate Abilities, Weirdness & Mutations

You cannot wear boots.
Your serpentine skin is tough (AC +2).
You have supernaturally acute eyesight.
Armour fits poorly on your strangely shaped body.
Your system is resistant to poisons.
You cover ground very slowly.
You have a slow metabolism.
You can spit poison.


Message History

Aim: Crazy Yiuf, wielding a quarterstaff of chaos and wearing a cloak (heavily wounded, poisoned, unusually resistant)
The sting hits Crazy Yiuf.
Crazy Yiuf looks even sicker.
Crazy Yiuf is heavily wounded.
Crazy Yiuf hits you with a quarterstaff of chaos.
* * * LOW HITPOINT WARNING * * *
Crazy Yiuf freezes you.
* * * LOW HITPOINT WARNING * * *
Crazy Yiuf grits, "Ten!"
Crazy Yiuf hits you with a quarterstaff of chaos.
* * * LOW HITPOINT WARNING * * *
You are lethally poisoned!
Are you sure you want to abandon this character and quit the game? (Confirm with "yes".)
Okay, then.
Drink which item? (? for menu, Esc to quit)
You feel better.
Crazy Yiuf says, "Candle hog cloud!"
Crazy Yiuf hits you with a quarterstaff of chaos.
* * * LOW HITPOINT WARNING * * *
You are electrocuted!
You die...

#......†........###.#######..#).
#....############ ###......)....
#....# ###......... ##...#
#.....((.... #....# ###
♣♣##......#(### #....# #)..#
♣♣.....###.#.... #....#
#.....♣♣♣♣......# #.#.... #....#
♣.g♣......## #.#)... #....#
♣♣♣@♣....## #.#.... ##...#
♣♣♣♣♣### #.#.... ##..# #.#....
#### #.#.... #.#.### #...# #####


You could see Crazy Yiuf.

Vanquished Creatures
  Natasha (thrice) (D:3)
  6 adders
  An ooze (D:2)
  4 worms
  2 giant geckos (D:2)
  5 orcs (D:3)
  3 giant cockroaches
  11 goblins
  7 hobgoblins
  8 jackals
  2 ball pythons
  9 bats
  3 giant newts
  15 kobolds
  10 rats
89 creatures vanquished.

Notes
Turn   | Place    | Note
--------------------------------------------------------------
     0 | D:1      | Gottschkopf the Naga Venom Mage began the quest for the Orb.
     0 | D:1      | Reached XP level 1. HP: 15/15 MP: 3/3
   259 | D:1      | Reached XP level 2. HP: 20/22 MP: 3/5
   747 | D:2      | Reached skill level 6 in Poison Magic
   747 | D:2      | Reached XP level 3. HP: 8/28 MP: 2/6
  1350 | D:2      | Reached skill level 1 in Conjurations
  1355 | D:2      | Reached XP level 4. HP: 20/36 MP: 2/7
  1493 | D:2      | Learned a level 3 spell: Mephitic Cloud
  1496 | D:2      | Learned a level 2 spell: Cure Poison
  2240 | D:3      | Reached skill level 7 in Poison Magic
  2242 | D:3      | Reached XP level 5. HP: 37/42 MP: 2/8
  2451 | D:3      | Noticed Natasha
  2459 | D:3      | Killed Natasha
  2481 | D:3      | Found a faded altar to an unknown god.
  2564 | D:3      | Noticed Natasha
  2575 | D:3      | Killed Natasha
  2648 | D:3      | Noticed Natasha
  2654 | D:3      | Killed Natasha
  2762 | D:3      | Reached XP level 6. HP: 50/50 MP: 8/10
  2858 | D:3      | Noticed Crazy Yiuf
  2871 | D:3      | HP: 2/50 [Crazy Yiuf/quarterstaff of chaos (2)]
  2872 | D:3      | Slain by Crazy Yiuf

Vault maps used:
D:1:      erik_arrival_triangle_small, item_on_display_a
D:2:      minmay_close_crescents
D:3:      johnstein_pakellas_shop, ecumenical_altar_2, grunt_ministairs_4,
          minmay_misc_feat_encased, minmay_goblin_outpost,
          uniq_crazy_yiuf_cottage, uniq_natasha

Action                   |  1- 3 |  4- 6 || total
-------------------------+-------+-------++-------
Melee: Unarmed           |     3 |       ||     3
       Dagger            |     4 |    39 ||    43
       Short sword       |       |     7 ||     7
 Cast: Sting             |    51 |   125 ||   176
       Mephitic Cloud    |       |     2 ||     2
  Use: Scroll            |       |     5 ||     5
       Potion            |       |     1 ||     1
 Stab: Confused          |       |     1 ||     1
  Eat: Chunk             |     1 |     5 ||     6
